 Dungeon Crawl Stone Soup version 0.22-a0-352-gc608dd7 (webtiles) character file.

119190 RoseArtemis the Fencer (level 16, 0/173 HPs)
             Began as a Minotaur Berserker on Apr 14, 2018.
             Was the Champion of Trog.
             Slain by a spriggan rider
             ... wielding a +0 spear
              (5 damage)
             ... on level 3 of the Swamp.
             The game lasted 01:16:06 (24230 turns).

RoseArtemis the Fencer (Minotaur Berserker)        Turns: 24230, Time: 01:16:07

Health: 0/173      AC: 16    Str: 23    XL:     16   Next: 27%
Magic:  5/5        EV: 20    Int:  6    God:    Trog [******]
Gold:   1702       SH:  2    Dex: 14    Spells: 15/15 levels left

rFire    . . .     SeeInvis +   a - +9 great sword (antimagic)
rCold    . . .     Gourm    .   (shield currently unavailable)
rNeg     . . .     Faith    .   g - +0 swamp dragon scales
rPois    +         Spirit   .   v - +2 hat
rElec    .         Reflect  +   u - scarf {cloud immunity}
rCorr    +         Harm     .   l - +0 pair of gloves
MR       +++..                  U - +0 pair of boots
Stlth    +.........             G - +2 amulet of reflection
HPRegen  1.78/turn              k - ring of resist corrosion
MPRegen  0.09/turn              F - ring of see invisible

@: berserk cooldown, regenerating, slowed, very slow
A: retaliatory headbutt, horns 2, regeneration 1, robust 1
a: Berserk, Trog's Hand, Brothers in Arms, Renounce Religion


You were on level 3 of the Swamp.
You worshipped Trog.
Trog was exalted by your worship.
You were near starving.

You visited 4 branches of the dungeon, and saw 26 of its levels.

You collected 2681 gold pieces.
You spent 979 gold pieces at shops.

Inventory:

Hand Weapons
 a - a +9 antimagic great sword (weapon)
 b - the +8 great sword of Trog's Brutal Revenge {drain, +Inv rPois rC+}
   (Trog gifted it to you on level 6 of the Lair of Beasts)

   A truly terrible weapon, it drains the life of those it strikes.
   It protects you from cold.
   It protects you from poison.
   It lets you turn invisible.
Missiles
 w - 2 throwing nets (quivered)
 R - 12 tomahawks of returning
Armour
 g - +0 swamp dragon scales (worn)
 l - a +0 pair of gloves (worn)
 u - a scarf of cloud immunity (worn)
 v - a +2 hat (worn)
 z - a +1 plate armour
 U - a +0 pair of boots (worn)
Jewellery
 k - a ring of resist corrosion (left hand)
 F - a ring of see invisible (right hand)
 G - a +2 amulet of reflection (around neck)
Wands
 e - a wand of paralysis (15)
 r - a wand of disintegration (33)
 t - a wand of clouds (6)
 y - a wand of flame (116)
 E - a wand of iceblast (21)
 I - a wand of digging (32)
 L - a wand of acid (16)
 O - a wand of polymorph (19)
 Q - a wand of random effects (59)
Scrolls
 f - 4 scrolls of fear
 j - 10 scrolls of remove curse
 p - 5 scrolls of magic mapping
 s - 7 scrolls of teleportation
 J - 5 scrolls of enchant armour
 K - 4 scrolls of blinking
 M - 5 scrolls of identify
 P - a scroll of fog
 T - 4 scrolls of summoning
Potions
 d - 7 potions of heal wounds
 h - 4 potions of cancellation
 i - 2 potions of mutation
 m - 4 potions of flight
 n - 3 potions of agility
 o - 8 potions of curing
 q - 3 potions of might
 x - 5 potions of ambrosia
 A - 3 potions of lignification
 C - 2 potions of resistance
 D - 2 potions of invisibility
 H - 3 potions of haste
Comestibles
 c - 42 rations
 B - 3 chunks of flesh


   Skills:
 + Level 18.3 Fighting
 - Level 20.0 Long Blades
 - Level 13.7 Armour
 + Level 14.2 Dodging


You had 15 spell levels left.
You didn't know any spells.

Dungeon Overview and Level Annotations

Branches:
Dungeon (15/15)            Temple (0/1) D:6            Lair (6/6) D:8
  Swamp (3/4) Lair:3        Snake (0/4) Lair:3        Slime (0/5) Lair:5
    Orc (2/2) D:12            Elf (0/3) Orc:2        Vaults (0/5) D:14
 Depths (0/5) D:15

Altars:
Ashenzari
Dithmenos
Elyvilon
Gozag
Kikubaaqudgha
Makhleb
Nemelex Xobeh
Vehumet
Zin

Shops:
D:4 %   D:10 =   D:12 ([   D:13 ?   Orc:2 !(?[


Innate Abilities, Weirdness & Mutations

You reflexively headbutt those who attack you in melee.
You have a pair of horns on your head.
Your natural rate of healing is unusually fast.
You are robust. (+10% HP)


Message History

* * * LOW HITPOINT WARNING * * *
You miss the spriggan rider. You headbutt the spriggan rider.
The spriggan rider is heavily wounded.
The spriggan rider misses you. You furiously retaliate!
You headbutt the spriggan rider!
You hear a splash.
You kill the spriggan!
Trog accepts your kill.
The spriggan rider hits you but does no damage.
You closely miss the hornet.
The hornet is heavily wounded.
The hornet misses you.
You riposte.
You closely miss the hornet.
The hornet is heavily wounded.
The spriggan rider hits you from afar with a spear!!
* * * LOW HITPOINT WARNING * * *
You closely miss the hornet. You headbutt the hornet!
The hornet is almost dead.
The hornet misses you.
The spriggan rider hits you from afar with a spear.
You die...

...≈≈≈. ..#
##..≈.≈≈§≈ ≈
..###+#...≈♣.≈≈≈
(≈
.........≈≈....
♣≈♣.....≈♣≈≈≈.≈♣≈
♣ .....≈.....≈
≈§≈ ♣.≈♣.≈.
♣.≈i♣♣.≈≈.
♣..≈≈♣♣≈y≈≈≈<≈≈≈
♣≈≈....@..♣♣≈♣♣
♣♣♣≈♣♣..♣♣♣ ♣♣
♣♣≈♣♣ ♣.§♣ ♣.≈♣
♣.≈♣ ♣♣.≈♣♣
♣...≈♣ ♣♣...♣♣


You could see a spriggan rider and a hornet.

Vanquished Creatures
  3 thorn hunters
  Kirke (Lair:6)
  A fire giant (D:15)
  A very ugly thing (D:14)
  Josephine (Lair:6)
  An ogre mage (D:15)
  The ghost of mortelune the Destroyer, a journeyman DsWz of Vehumet (Lair:5)
  The ghost of Nib the Covert, a journeyman OpAs of Okawaru (D:12)
  10 hydras
  3 vault guards (D:14)
  4 catoblepae
  A ghost crab (Swamp:1)
  5 alligators
  3 centaur warriors
  13 death yaks
  5 two-headed ogres
  A tengu warrior (D:8)
  Urug (Lair:5)
  An orc high priest (Orc:2)
  A spriggan druid (Swamp:2)
  2 swamp dragons (Swamp:2)
  3 wizards (D:14)
  2 shambling mangroves
  Pikel (D:7)
  4 ugly things (D:14)
  4 orc sorcerers (Orc:2)
  6 cyclopes
  5 oklob plants
  2 wolf spiders (Lair:5)
  A centaur zombie (D:12)
  5 manticores
  A guardian serpent (shapeshifter) (D:13)
  5 black mambas
  8 elephants
  2 centaur skeletons (D:15)
  3 gargoyles
  13 spiny frogs
  7 komodo dragons
  2 kobold demonologists
  2 rime drakes
  An efreet (D:15)
  10 trolls
  4 polar bears
  Grinder (D:6)
  12 hornets
  10 tyrant leeches
  7 blink frogs (Lair:6)
  14 slime creatures
  6 bog bodies
  Prince Ribbit (D:9)
  9 hippogriffs
  A blink frog (shapeshifter) (D:13)
  A spriggan (Swamp:3)
  A shadow (Swamp:2)
  3 wraiths (Lair:6)
  2 wyverns
  18 humans (D:14)
  3 hogs (Lair:6)
  52 yaks
  Grum (D:9)
  5 basilisks
  14 vampire mosquitoes
  A hungry ghost (D:11)
  A warg (Orc:2)
  6 insubstantial wisps (Swamp:3)
  9 swamp worms
  5 acid dragons
  14 water moccasins
  2 soldier ants
  28 orc warriors
  2 sky beasts
  6 porcupines
  2 swamp drakes (Swamp:2)
  6 ice beasts
  8 phantoms
  A black bear (shapeshifter) (D:13)
  An eye of draining (D:13)
  A black bear (D:8)
  16 ogres
  4 boggarts (Lair:4)
  18 wolves
  14 centaurs
  11 crocodiles
  A gnoll sergeant (D:8)
  5 big kobolds
  13 bullfrogs
  3 wyvern zombies
  4 scorpions
  11 killer bees
  3 wights (D:10)
  4 howler monkeys
  8 crimson imps
  4 bullfrog zombies
  37 orc wizards
  21 orc priests
  7 hounds
  2 jellies
  3 iguanas
  13 worker ants
  2 hound skeletons
  2 worker ant zombies
  19 gnolls
  31 adders
  2 shadow imps
  2 oozes
  An adder skeleton (D:5)
  5 worms
  3 dart slugs
  6 leopard geckos
  97 orcs
  5 ball pythons
  5 giant cockroaches
  18 hobgoblins
  11 jackals
  28 kobolds
  8 quokkas
  4 bats
  2 frilled lizards
  A giant cockroach zombie (D:6)
  13 goblins
  A leopard gecko skeleton (D:5)
  9 rats
  5 briar patches
  A bush (Lair:1)
  A plant (Lair:6)
889 creatures vanquished.

Vanquished Creatures (others)
  2 slime creatures (Swamp:3)
  A water moccasin (D:15)
  A slave (D:8)
  3 humans
  34 fungi
  27 plants
68 creatures vanquished.

Grand Total: 957 creatures vanquished

Notes
Turn   | Place    | Note
-------+----------+-------------------------------------------
     0 | D:1      | RoseArtemis the Minotaur Berserker began the quest for the Orb.
     0 | D:1      | Reached XP level 1. HP: 19/19 MP: 0/0
   102 | D:1      | Reached XP level 2. HP: 22/27 MP: 1/1
   235 | D:1      | Reached skill level 4 in Long Blades
   526 | D:1      | Reached XP level 3. HP: 27/33 MP: 2/2
   593 | D:1      | Reached ** piety under Trog
  1139 | D:2      | Reached XP level 4. HP: 36/41 MP: 3/3
  1523 | D:2      | Found an ancient bone altar of Kikubaaqudgha.
  1679 | D:2      | Noticed a human
  1681 | D:2      | Killed a human
  1749 | D:3      | Gained mutation: You are robust. (+10% HP) [potion of mutation]
  1749 | D:3      | Gained mutation: Your natural rate of healing is unusually fast. [potion of mutation]
  2173 | D:3      | Reached XP level 5. HP: 48/51 MP: 4/4
  2206 | D:3      | Reached skill level 5 in Long Blades
  2221 | D:3      | Reached *** piety under Trog
  2536 | D:3      | Found a shattered altar of Ashenzari.
  2689 | D:4      | Reached skill level 5 in Fighting
  2691 | D:4      | Found a shadowy altar of Dithmenos.
  2710 | D:4      | Reached XP level 6. HP: 61/61 MP: 5/5
  2752 | D:4      | Found Ytywn's Food Shoppe.
  2854 | D:4      | Reached skill level 6 in Long Blades
  3109 | D:4      | Reached **** piety under Trog
  3147 | D:4      | Reached XP level 7. HP: 67/67 MP: 6/6
  3242 | D:4      | Found a shattered altar of Ashenzari.
  3246 | D:4      | Saw a vision of the Swamp and the Snake Pit.
  3246 | D:4      | Noticed an anaconda
  3246 | D:4      | Noticed a black mamba
  3246 | D:4      | Noticed a black mamba
  3246 | D:4      | Noticed a black mamba
  3246 | D:4      | Noticed a black mamba
  3246 | D:4      | Noticed a shock serpent
  3246 | D:4      | Noticed a black mamba
  3246 | D:4      | Noticed an alligator
  3246 | D:4      | Noticed a black mamba
  3247 | D:4      | Noticed a naga mage
  3247 | D:4      | Noticed a black mamba
  3247 | D:4      | Noticed a mana viper
  3248 | D:4      | Noticed an alligator
  3490 | D:5      | Entered Level 5 of the Dungeon
  3513 | D:5      | Reached skill level 5 in Armour
  3576 | D:5      | Reached skill level 7 in Long Blades
  3870 | D:5      | Reached skill level 5 in Dodging
  3870 | D:5      | Reached XP level 8. HP: 60/77 MP: 7/7
  4181 | D:5      | Reached skill level 8 in Long Blades
  4722 | D:6      | Found a radiant altar of Vehumet.
  4750 | D:6      | Noticed Grinder
  4751 | D:6      | Paralysed by Grinder for 6 turns
  4777 | D:6      | Reached skill level 9 in Long Blades
  4782 | D:6      | Paralysed by Grinder for 6 turns
  4805 | D:6      | Killed Grinder
  4805 | D:6      | Reached XP level 9. HP: 7/86 MP: 8/8
  5019 | D:6      | Reached ***** piety under Trog
  5058 | D:6      | Found a staircase to the Ecumenical Temple.
  5177 | D:6      | Got a twisted plate armour
  5188 | D:6      | Identified the +0 plate armour of Kaemisch {rC- Str+5} (You found it on level 6 of the Dungeon)
  5281 | D:6      | Found a white marble altar of Elyvilon.
  5282 | D:6      | Found an opulent altar of Gozag.
  5741 | D:7      | Reached skill level 10 in Long Blades
  5750 | D:7      | Noticed Pikel
  5771 | D:7      | Killed Pikel
  6086 | D:7      | Found a sparkling altar of Nemelex Xobeh.
  6502 | D:8      | Reached skill level 11 in Long Blades
  6511 | D:8      | Noticed a cyclops
  6521 | D:8      | Noticed a tengu warrior
  6521 | D:8      | Noticed a centaur warrior
  6560 | D:8      | Killed a centaur warrior
  6560 | D:8      | Reached XP level 10. HP: 59/99 MP: 9/9
  6571 | D:8      | Killed a tengu warrior
  6586 | D:8      | HP: 1/100 [cyclops (27)]
  6587 | D:8      | Killed a cyclops
  6587 | D:8      | Reached skill level 12 in Long Blades
  6780 | D:8      | Found a staircase to the Lair.
  6829 | D:8      | Received a gift from Trog
  7311 | D:9      | Noticed Grum
  7317 | D:9      | Killed Grum
  7379 | D:9      | Noticed a two-headed ogre
  7386 | D:9      | Killed a two-headed ogre
  7386 | D:9      | Reached skill level 10 in Fighting
  7386 | D:9      | Reached skill level 13 in Long Blades
  7474 | D:9      | Reached XP level 11. HP: 108/108 MP: 3/10
  7558 | D:9      | Noticed Prince Ribbit
  7567 | D:9      | Killed Prince Ribbit
  8111 | D:10     | Entered Level 10 of the Dungeon
  8127 | D:10     | Found Qaituak's Jewellery Shoppe.
  8135 | D:10     | Bought an uncursed ring of see invisible for 210 gold pieces
  8135 | D:10     | Bought a +2 amulet of reflection for 105 gold pieces
  8239 | D:10     | Found a sparkling altar of Nemelex Xobeh.
  8530 | D:10     | Received a gift from Trog
  8566 | D:10     | Reached skill level 10 in Armour
  9060 | Lair:1   | Entered Level 1 of the Lair of Beasts
  9065 | Lair:1   | Identified a scroll of acquirement
  9465 | Lair:1   | Reached skill level 14 in Long Blades
  9483 | Lair:1   | Found a labyrinth entrance.
  9587 | Lair:1   | Noticed an oklob plant
  9678 | Lair:1   | Killed an oklob plant
 10342 | Lair:2   | Found a burning altar of Makhleb.
 11079 | Lair:3   | Noticed an oklob plant
 11079 | Lair:3   | Noticed an oklob plant
 11079 | Lair:3   | Noticed a six-headed hydra
 11085 | Lair:3   | Killed an eight-headed hydra
 11242 | Lair:3   | Killed an oklob plant
 11257 | Lair:3   | Killed an oklob plant
 11257 | Lair:3   | Reached skill level 15 in Long Blades
 11348 | Lair:3   | Reached XP level 12. HP: 121/121 MP: 3/11
 11536 | Lair:3   | Noticed a seven-headed hydra
 11542 | Lair:3   | Killed a nine-headed hydra
 11597 | Lair:3   | Found a staircase to the Swamp.
 11810 | Lair:3   | Found a staircase to the Snake Pit.
 12360 | Lair:4   | Reached skill level 16 in Long Blades
 12779 | Lair:4   | Noticed a five-headed hydra
 12791 | Lair:4   | Killed a nine-headed hydra
 13184 | Lair:4   | Noticed a death yak
 13185 | Lair:4   | Noticed a death yak
 13185 | Lair:4   | Noticed a death yak
 13186 | Lair:4   | Noticed a death yak
 13186 | Lair:4   | Noticed a death yak
 13186 | Lair:4   | Noticed a death yak
 13191 | Lair:4   | Killed a death yak
 13198 | Lair:4   | Killed a death yak
 13201 | Lair:4   | Killed a death yak
 13208 | Lair:4   | Killed a death yak
 13208 | Lair:4   | Reached XP level 13. HP: 116/130 MP: 4/12
 13212 | Lair:4   | Reached skill level 17 in Long Blades
 13701 | Lair:5   | Found a staircase to the Slime Pits.
 13790 | Lair:5   | Noticed mortelune's ghost (journeyman DsWz)
 13815 | Lair:5   | Killed mortelune's ghost
 13994 | Lair:5   | Reached ****** piety under Trog
 14035 | Lair:5   | Noticed Urug
 14050 | Lair:5   | Killed Urug
 14126 | Lair:5   | Found a glowing silver altar of Zin.
 14343 | Lair:5   | Reached skill level 18 in Long Blades
 14565 | Lair:6   | Entered Level 6 of the Lair of Beasts
 14681 | Lair:6   | Received a gift from Trog
 14912 | Lair:6   | Reached XP level 14. HP: 145/145 MP: 4/13
 15365 | Lair:6   | Noticed Josephine
 15368 | Lair:6   | Received a gift from Trog
 15374 | Lair:6   | Killed Josephine
 15374 | Lair:6   | Reached skill level 19 in Long Blades
 15405 | Lair:6   | Got a slimy great sword {god gift}
 15406 | Lair:6   | Identified the +8 great sword of Trog's Brutal Revenge {drain, +Inv rPois rC+} (Trog gifted it to you on level 6 of the Lair of Beasts)
 15474 | Lair:6   | Noticed Kirke
 15487 | Lair:6   | Killed Kirke
 17037 | D:12     | Found Wotanwue's Weapon Boutique.
 17054 | D:12     | Found a staircase to the Orcish Mines.
 17056 | D:12     | Found Toukk's Armour Boutique.
 17768 | D:12     | Found Unoiqarph's Food Shoppe.
 17826 | Orc:1    | Entered Level 1 of the Orcish Mines
 17867 | Orc:1    | Received a gift from Trog
 18117 | Orc:1    | Reached skill level 15 in Fighting
 18521 | Orc:2    | Entered Level 2 of the Orcish Mines
 18646 | Orc:2    | Found a staircase to the Elven Halls.
 18832 | Orc:2    | Reached skill level 10 in Dodging
 18842 | Orc:2    | Found Imimuze's Weapon Boutique.
 18871 | Orc:2    | Received a gift from Trog
 18871 | Orc:2    | Reached skill level 20 in Long Blades
 19093 | Orc:2    | Found Goc Egg's Antique Armour Shop.
 19094 | Orc:2    | Found Nirhoel's Magic Scroll Shop.
 19097 | Orc:2    | Found Taarrath's Distillery.
 19102 | Orc:2    | Bought a scroll of enchant weapon for 112 gold pieces
 19104 | Orc:2    | Bought a potion of heal wounds for 65 gold pieces
 19104 | Orc:2    | Bought 2 potions of heal wounds for 130 gold pieces
 19498 | D:13     | Paralysed by a hornet for 3 turns
 19503 | D:13     | Paralysed by a hornet for 3 turns
 19839 | D:13     | Found Qybedgh's Magic Scroll Boutique.
 19850 | D:13     | Bought a scroll of identify for 22 gold pieces
 19850 | D:13     | Bought a scroll of identify for 22 gold pieces
 19850 | D:13     | Bought 3 scrolls of summoning for 313 gold pieces
 20317 | D:14     | Paralysed by a hornet for 2 turns
 20429 | D:14     | Reached XP level 15. HP: 148/155 MP: 4/14
 20928 | D:14     | Found a gate to the Vaults.
 21211 | D:15     | Entered Level 15 of the Dungeon
 21211 | D:15     | Found Lir Nutoo's Antique Weapon Emporium.
 21333 | D:15     | Found a staircase to the Depths.
 21333 | D:15     | Noticed a fire giant
 21343 | D:15     | Killed a fire giant
 21356 | D:15     | Received a gift from Trog
 21715 | D:12     | Noticed Nib's ghost (journeyman OpAs)
 21725 | D:12     | Killed Nib's ghost
 21910 | Swamp:1  | Entered Level 1 of the Swamp
 22032 | Swamp:1  | Noticed a thorn hunter
 22048 | Swamp:1  | HP: 7/161 [tyrant leech (21)]
 22050 | Swamp:1  | Killed a thorn hunter
 22135 | Swamp:1  | Noticed a thorn hunter
 22142 | Swamp:1  | Killed a thorn hunter
 23063 | Swamp:2  | Received a gift from Trog
 23201 | Swamp:2  | Reached XP level 16. HP: 160/172 MP: 5/15
 23384 | Swamp:2  | Found a white marble altar of Elyvilon.
 23768 | Swamp:2  | Paralysed by a hornet for 3 turns
 23979 | Swamp:3  | Noticed a thorn hunter
 23994 | Swamp:3  | Killed a thorn hunter
 24224 | Swamp:3  | Received a gift from Trog
 24229 | Swamp:3  | HP: 3/173 [spriggan rider/spear (18)]
 24230 | Swamp:3  | Slain by a spriggan rider

Vault maps used:
D:1:      minmay_arrival_shattered_statue
D:2:      tgw_kikubaaqudgha
D:3:      lemuel_crystal_altar, first_ration
D:4:      corexii_shantytown, nicolae_overflow_crystal_walls, serial_shops,
          shop_coins, grunt_ashenzari_visionary
D:5:      bh_chokoban
D:6:      grunt_temple_overflow_open, temple_hall, uniq_grinder
D:7:      nemelex_xobeh_ov_fountains_minmay, uniq_pikel
D:8:      minmay_cut_squares, dpeg_oklobed_lair
D:9:      uniq_grum, uniq_prince_ribbit1
D:10:     basic_altar, serial_shops, shop
D:12:     orc_david_3, serial_shops, kennysheep_mini
D:13:     serial_shops, shop_scrolls, hangedman_pestilent_swarm
D:14:     grunt_vaults_entry_tiered, hangedman_abyss_or_decor_passed
D:15:     grunt_enter_depths_giant_problem, serial_shops,
          nicolae_shop_waterfront, moated_statue
Lair:1:   lab_entry_generic, minmay_lair_oklob_items, lemuel_fruit_tree
Lair:2:   basic_altar
Lair:3:   swamp_mist, minmay_snake_entry_six_corridors,
          minmay_lair_oklob_chamber
Lair:4:   kilobyte_rumbling_trees
Lair:5:   minmay_lair_venomous_thicket, minmay_slime_entry_oklob_open,
          basic_altar, uniq_urug
Lair:6:   evilmike_catoblepas_cave, uniq_josephine, uniq_kirke
Swamp:1:  evilmike_swamp_ruin_house_1, swamp_pool2, infiniplex_staircase_pool
Swamp:2:  basic_altar
Swamp:3:  nicolae_swamp_phyte_club, serial_swamp_ruin,
          evilmike_swamp_ruin_house_3, evilmike_swamp_ruin_house_6
Orc:2:    st_orc_mages, special_room

Skill      XL: |  1  2  3  4  5  6  7  8  9 10 11 12 13 14 15 16 |
---------------+-------------------------------------------------+-----
Fighting       | 4 5 6 7 8 10 11 12 14 15 17 18 | 18.3
Long Blades    | 4 5 6 7 9 11 13 15 16 18 20 | 20.0
Armour         | 3 4 5 6 8 9 11 12 13 | 13.7
Dodging        | 3 4 5 6 7 8 10 13 14 | 14.2

Action                   |  1- 3 |  4- 6 |  7- 9 | 10-12 | 13-15 | 16-18 || total
-------------------------+-------+-------+-------+-------+-------+-------++-------
Melee: Falchion          |    57 |   207 |   345 |    19 |       |       ||   628
       Headbutt          |    14 |    45 |    84 |   134 |   299 |    34 ||   610
       Great sword       |       |       |       |   463 |  1114 |   129 ||  1706
       Long sword        |       |       |       |    21 |       |       ||    21
Throw: Tomahawk          |       |       |       |       |     4 |       ||     4
Invok: Berserk           |     1 |     2 |     8 |    16 |    18 |     3 ||    48
       Trog's Hand       |       |       |       |     7 |    11 |     3 ||    21
  Use: Scroll            |       |     5 |    10 |    13 |    14 |       ||    42
       Potion            |       |     1 |     3 |     4 |     3 |       ||    11
 Stab: Sleeping          |     1 |       |       |       |       |       ||     1
  Eat: Chunk             |     2 |     7 |    14 |    30 |    39 |     6 ||    98
       Ration            |       |       |     2 |     2 |     5 |       ||     9
Armor: Animal skin       |    11 |     7 |       |       |       |       ||    18
       Chain mail        |       |    63 |   178 |    18 |       |       ||   259
       Plate armour      |       |       |       |   368 |   639 |       ||  1007
       Swamp dragon scal |       |       |       |       |     9 |    47 ||    56
Dodge: Dodged            |    33 |    91 |   171 |   351 |   644 |   145 ||  1435
       Deflected         |       |       |     9 |     7 |       |       ||    16
Block: Other             |       |       |       |    21 |    54 |     5 ||    80
       Reflection        |       |       |       |       |     4 |       ||     4
       Rpst.: Falchion   |    10 |    26 |    44 |       |       |       ||    80
       Great sword       |       |       |       |    94 |   140 |    18 ||   252
       Long sword        |       |       |       |     3 |       |       ||     3

Table legend:
 A = Spawn XP
 B = Non-spawn XP
 C = Spawn XP percentage of total XP
 D = Spawn monster count
 E = Non-spawn monster count
 F = Spawn count percentage of total count
 G = Total turns spent on level
                    A         B        C        D         E        F      G
               +---------+---------+-------+---------+---------+-------+---------
         Total |       0 |  170272 |   0.0 |       0 |     883 |   0.0 | 24230
               +---------+---------+-------+---------+---------+-------+---------
           D:1 |       0 |      48 |   0.0 |       0 |      24 |   0.0 |   748
           D:2 |       0 |     101 |   0.0 |       0 |      19 |   0.0 |   996
           D:3 |       0 |     189 |   0.0 |       0 |      36 |   0.0 |   845
           D:4 |       0 |     596 |   0.0 |       0 |      43 |   0.0 |   951
           D:5 |       0 |    1021 |   0.0 |       0 |      23 |   0.0 |  1180
           D:6 |       0 |    1188 |   0.0 |       0 |      20 |   0.0 |   665
           D:7 |       0 |    1628 |   0.0 |       0 |      31 |   0.0 |  1075
           D:8 |       0 |    4198 |   0.0 |       0 |      44 |   0.0 |   947
           D:9 |       0 |    2725 |   0.0 |       0 |      32 |   0.0 |   843
          D:10 |       0 |    2153 |   0.0 |       0 |      27 |   0.0 |   963
          D:11 |       0 |    2937 |   0.0 |       0 |      28 |   0.0 |   630
          D:12 |       0 |    5188 |   0.0 |       0 |      27 |   0.0 |   982
          D:13 |       0 |    5440 |   0.0 |       0 |      31 |   0.0 |   971
          D:14 |       0 |   18522 |   0.0 |       0 |      61 |   0.0 |   969
          D:15 |       0 |   10053 |   0.0 |       0 |      21 |   0.0 |   439
        Lair:1 |       0 |    3387 |   0.0 |       0 |      21 |   0.0 |  1118
        Lair:2 |       0 |    2197 |   0.0 |       0 |       9 |   0.0 |  1079
        Lair:3 |       0 |    9605 |   0.0 |       0 |      43 |   0.0 |  1271
        Lair:4 |       0 |   12041 |   0.0 |       0 |      38 |   0.0 |  1291
        Lair:5 |       0 |   12508 |   0.0 |       0 |      38 |   0.0 |   972
        Lair:6 |       0 |   25525 |   0.0 |       0 |      66 |   0.0 |  1493
       Swamp:1 |       0 |   12358 |   0.0 |       0 |      27 |   0.0 |   912
       Swamp:2 |       0 |   18476 |   0.0 |       0 |      43 |   0.0 |  1157
       Swamp:3 |       0 |    8566 |   0.0 |       0 |      21 |   0.0 |   251
         Orc:1 |       0 |    3538 |   0.0 |       0 |      51 |   0.0 |   698
         Orc:2 |       0 |    6084 |   0.0 |       0 |      59 |   0.0 |   784
               +---------+---------+-------+---------+---------+-------+---------
